[Event "ICC tourney 1994 (90 10)"]
[Site "Internet Chess Club"]
[Date "2020.09.05"]
[Round "1"]
[White "Chessking2008"]
[Black "playerlucky"]
[Result "1-0"]
[ICCResult "Black resigns"]
[WhiteElo "2148"]
[BlackElo "1897"]
[Opening "King's Indian: Kazakh variation"]
[ECO "E91"]
[NIC "KI.19"]
[Time "11:04:48"]
[TimeControl "5400+10"]

1. c4 Nf6 2. Nc3 g6 3. e4 d6 4. d4 Bg7 5. Nf3 O-O 6. Be2 Na6 7. O-O e5 8.
Qc2 exd4 9. Nxd4 Nc5 10. Be3 Ng4 11. Bxg4 Bxg4 12. f3 Bd7 13. Rfd1 a6 14.
Rac1 Qe7 15. Qd2 Rae8 16. Nd5 Qd8 17. Bg5 f6 18. Bh4 Ne6 19. Nxe6 Bxe6 20.
Qa5 Rf7 21. c5 c6 22. Nb6 d5 23. Qd2 d4 24. b3 Qc7 25. Bg3 Qd8 26. Qxd4
Qxd4+ 27. Rxd4 f5 28. e5 Bd5 29. Nxd5 cxd5 30. f4 Rc7 31. Rxd5 Bf8 32. Bf2
Rec8 33. b4 b6 34. Kf1 Rc6 35. a4 a5 36. b5 R6c7 37. c6 Be7 38. Bxb6
{Black resigns}
1-0

[Event "ICC tourney 1994 (90 10)"]
[Site "Internet Chess Club"]
[Date "2020.09.05"]
[Round "1"]
[White "gmRohde"]
[Black "Yooper"]
[Result "1/2-1/2"]
[ICCResult "Game drawn by mutual agreement"]
[WhiteElo "1713"]
[BlackElo "1877"]
[Opening "Sicilian: accelerated fianchetto, Maróczy bind"]
[ECO "B36"]
[NIC "QP.10"]
[Time "11:04:41"]
[TimeControl "5400+10"]

1. Nf3 c5 2. c4 Nc6 3. d4 cxd4 4. Nxd4 g6 5. e4 Nf6 6. Nc3 d6 7. Be2 Nxd4 8.
Qxd4 Bg7 9. Bg5 O-O 10. Qd2 a6 11. O-O Be6 12. Rac1 b5 13. cxb5 axb5 14.
Bxb5 Bxa2 15. Bh6 Qb6 16. Bxg7 Kxg7 17. Rfe1 Ra5 18. b4 Ra7 19. Qe2 Be6 20.
e5 Ng4 21. exd6 Qxd6 22. g3 Qxb4 {Game drawn by mutual agreement} 1/2-1/2

[Event "ICC tourney 1994 (90 10)"]
[Site "Internet Chess Club"]
[Date "2020.09.05"]
[Round "1"]
[White "town"]
[Black "ThunderingFish"]
[Result "1-0"]
[ICCResult "Black resigns"]
[WhiteElo "2132"]
[BlackElo "1870"]
[Opening "Sicilian: Scheveningen variation"]
[ECO "B80"]
[NIC "SI.19"]
[Time "11:04:29"]
[TimeControl "5400+10"]

1. e4 c5 2. Nf3 e6 3. d4 cxd4 4. Nxd4 Nf6 5. Nc3 d6 6. Be3 Be7 7. f3 O-O 8.
Qd2 Nc6 9. g4 a6 10. g5 Nd7 11. h4 Qc7 12. O-O-O b5 13. h5 Nde5 14. f4 Nc4
15. Bxc4 bxc4 16. g6 Rb8 17. h6 fxg6 18. hxg7 Rf7 19. Nxc6 Qxc6 20. Bd4 Qb7
21. b3 cxb3 22. Rxh7 e5 23. fxe5 Rxg7 24. Rxg7+ Kxg7 25. exd6+ Bf6 26. axb3
Qb4 27. Bxf6+ Kxf6 28. Nd5+ {Black resigns} 1-0

[Event "ICC tourney 1994 (90 10)"]
[Site "Internet Chess Club"]
[Date "2020.09.05"]
[Round "1"]
[White "BreatheChessAls"]
[Black "shianen"]
[Result "1/2-1/2"]
[ICCResult "Game drawn by mutual agreement"]
[WhiteElo "1951"]
[BlackElo "2186"]
[Opening "Queen's pawn, Mason variation"]
[ECO "D00"]
[NIC "QP.08"]
[Time "11:04:27"]
[TimeControl "5400+10"]

1. d4 d5 2. Bf4 Nf6 3. e3 c5 4. c3 Nc6 5. Nd2 Bf5 6. Qb3 Qd7 7. Ngf3 c4 8.
Qd1 e6 9. Ne5 Nxe5 10. Bxe5 Be7 11. Be2 O-O 12. O-O Ne4 13. Nxe4 Bxe4 14.
Bf3 Bd3 15. Be2 Bf5 16. Bg4 Bg6 17. Bh5 f6 18. Bxg6 fxe5 19. Bc2 e4 20. f3
Bg5 21. Qe2 exf3 22. Rxf3 g6 23. Raf1 Qe7 24. e4 Qd6 25. Rxf8+ Rxf8 26.
Rxf8+ Kxf8 27. exd5 exd5 28. Ba4 {Game drawn by mutual agreement} 1/2-1/2

[Event "ICC tourney 1994 (90 10)"]
[Site "Internet Chess Club"]
[Date "2020.09.05"]
[Round "1"]
[White "pianoboy"]
[Black "panss"]
[Result "0-1"]
[ICCResult "White resigns"]
[WhiteElo "1861"]
[BlackElo "1642"]
[Opening "QGD Slav defense"]
[ECO "D10"]
[NIC "SL.01"]
[Time "11:05:02"]
[TimeControl "5400+10"]

1. d4 d5 2. c4 c6 3. Nc3 Nf6 4. Bf4 a6 5. e3 Bf5 6. Bd3 Bxd3 7. Qxd3 e6 8.
Nge2 Bd6 9. O-O O-O 10. f3 Bxf4 11. Nxf4 Nbd7 12. e4 e5 13. Nfe2 exd4 14.
Nxd4 Ne5 15. Qe2 dxc4 16. Rad1 Nd3 17. Qe3 Qb6 18. b3 Rad8 19. Nf5 Qxe3+ 20.
Nxe3 cxb3 21. axb3 Nc5 22. b4 Nd3 23. Nc2 Nb2 24. Rb1 Nc4 25. Rfd1 Nd2 26.
Rb2 Rd3 27. Ne1 Nxf3+ 28. gxf3 Rxc3 29. Kf2 g6 30. Nd3 Rd8 31. Ke3 Nd7 32.
Kd4 Ra3 33. Rbd2 Nb6+ 34. Kc5 Na4+ {White resigns} 0-1

[Event "ICC tourney 1994 (90 10)"]
[Site "Internet Chess Club"]
[Date "2020.09.05"]
[Round "1"]
[White "Tombstone"]
[Black "Openyagami"]
[Result "0-1"]
[ICCResult "White checkmated"]
[WhiteElo "2031"]
[BlackElo "2609"]
[Opening "King's Indian: 3.g3"]
[ECO "E60"]
[NIC "KI.80"]
[Time "11:04:44"]
[TimeControl "5400+10"]

1. d4 Nf6 2. c4 g6 3. g3 c5 4. d5 b5 5. cxb5 a6 6. bxa6 Bg7 7. Nc3 O-O 8. e4
d6 9. Bg2 Nbd7 10. Nge2 Bxa6 11. O-O Ne5 12. f4 Nd3 13. Qc2 Qb6 14. h3 Rfb8
15. Rb1 Nb4 16. Qd2 Bd3 17. Ra1 Nc2 18. Rb1 Nd7 19. Kh2 c4 20. Rd1 Nc5 21.
f5 Nb4 22. Ra1 Nb3 23. axb3 Rxa1 24. bxc4 Bxc4 25. Qg5 Bf6 26. Qf4 Nd3 27.
Qf3 Nxc1 28. Rxc1 Rxc1 29. Nxc1 Qxb2 30. N1e2 Rb3 31. fxg6 hxg6 32. Qg4 Rxc3
33. Nxc3 Qxc3 34. h4 Kg7 35. h5 Qd2 36. e5 Bxd5 37. exf6+ exf6 38. Qh3 gxh5
39. Kg1 Qxg2+ 40. Qxg2 Bxg2 41. Kxg2 Kg6 42. Kf3 Kg5 43. Ke4 Kg4 44. Kd5
Kxg3 45. Kxd6 h4 46. Ke7 h3 47. Kxf6 h2 48. Kxf7 h1=Q 49. Kg6 Qd5 50. Kf6
Kf4 51. Kg6 Qf5+ 52. Kh6 Qg5+ 53. Kh7 Kf5 54. Kh8 Kf6 55. Kh7 Qg7#
{White checkmated}
0-1

[Event "ICC tourney 1994 (90 10)"]
[Site "Internet Chess Club"]
[Date "2020.09.05"]
[Round "1"]
[White "tangent"]
[Black "SilverDuck"]
[Result "1-0"]
[ICCResult "Black resigns"]
[WhiteElo "2302"]
[BlackElo "1561"]
[Opening "Queen's Indian: Petrosian system"]
[ECO "E12"]
[NIC "QI.04"]
[Time "11:10:36"]
[TimeControl "5400+10"]

1. d4 Nf6 2. c4 e6 3. Nf3 b6 4. a3 Bb7 5. Nc3 d5 6. cxd5 exd5 7. Bg5 Be7 8.
e3 O-O 9. Bd3 h6 10. Bh4 Nbd7 11. O-O Ne4 12. Bg3 f5 13. Rc1 c5 14. dxc5
bxc5 15. Bxe4 fxe4 16. Nxd5 exf3 17. Nxe7+ Qxe7 18. Qb3+ Kh8 19. Qxb7 fxg2
20. Rfd1 Rfc8 21. Rxd7 Qg5 22. Rcd1 h5 23. R1d5 Qg6 24. Rxg7 Qb1+ 25. Kxg2
Qe4+ 26. f3 Qc2+ 27. Bf2 {Black resigns} 1-0

[Event "ICC tourney 1994 (90 10)"]
[Site "Internet Chess Club"]
[Date "2020.09.05"]
[Round "1"]
[White "mopaska1106"]
[Black "imranchamp"]
[Result "1-0"]
[ICCResult "Black checkmated"]
[WhiteElo "2039"]
[BlackElo "1629"]
[Opening "Benkö gambit accepted"]
[ECO "A58"]
[NIC "BI.45"]
[Time "11:04:34"]
[TimeControl "5400+10"]

1. d4 Nf6 2. c4 c5 3. d5 b5 4. cxb5 a6 5. bxa6 g6 6. Nc3 Bg7 7. e4 d6 8. h3
O-O 9. Nf3 Nbd7 10. Be2 Qa5 11. O-O Bxa6 12. Nd2 Bxe2 13. Qxe2 Qa6 14. Re1
Rfb8 15. f4 Ne8 16. Qf3 Nc7 17. e5 dxe5 18. f5 Nb5 19. Nxb5 Qxb5 20. Ne4 Nf6
21. fxg6 fxg6 22. Ng5 Qc4 23. Rxe5 Qd4+ 24. Qe3 Qd1+ 25. Qe1 Qd4+ 26. Kh1
Nxd5 27. Rxe7 Nxe7 28. Qe6+ Kh8 29. Nf7+ Kg8 30. Nh6+ Kh8 31. Qg8+ Nxg8 32.
Nf7# {Black checkmated} 1-0

[Event "ICC tourney 1994 (90 10)"]
[Site "Internet Chess Club"]
[Date "2020.09.05"]
[Round "1"]
[White "ShadowApt"]
[Black "Yucheng"]
[Result "1/2-1/2"]
[ICCResult "Game drawn by mutual agreement"]
[WhiteElo "2073"]
[BlackElo "1859"]
[Opening "Ruy Lopez: Wormald (Alapin) attack"]
[ECO "C77"]
[NIC "RL.12"]
[Time "11:04:56"]
[TimeControl "5400+10"]

1. e4 e5 2. Nf3 Nc6 3. Bb5 a6 4. Ba4 Nf6 5. Qe2 b5 6. Bb3 Be7 7. c3 d6 8.
O-O O-O 9. Rd1 Na5 10. Bc2 c5 11. d4 Qc7 12. d5 Bd7 13. b3 c4 14. b4 Nb7 15.
a4 Rfb8 16. a5 Bg4 17. Be3 Qd7 18. h3 Bh5 19. Nbd2 Bg6 20. Bg5 Nxd5 21. Nb1
Bxg5 22. Rxd5 Bf6 23. Na3 Qc6 24. Rad1 Be7 25. Nh2 Nd8 26. Nf1 Ne6 27. g3
Rd8 28. h4 f6 29. Ne3 Nc7 30. h5 Bf7 31. R5d2 Bf8 32. Qf3
{Game drawn by mutual agreement}
1/2-1/2

[Event "ICC tourney 1994 (90 10)"]
[Site "Internet Chess Club"]
[Date "2020.09.05"]
[Round "1"]
[White "Blue-Elephant1"]
[Black "WR3311"]
[Result "1-0"]
[ICCResult "Black resigns"]
[WhiteElo "2084"]
[BlackElo "1831"]
[Opening "QGD Slav defense"]
[ECO "D10"]
[NIC "SL.01"]
[Time "11:04:53"]
[TimeControl "5400+10"]

1. d4 d5 2. c4 c6 3. Nc3 Nf6 4. e3 Bf5 5. cxd5 Nxd5 6. Bd3 Bxd3 7. Qxd3 e6
8. Nf3 Be7 9. O-O O-O 10. e4 Nf6 11. Bg5 Nbd7 12. Rfe1 Re8 13. Rad1 Nb6 14.
h3 h6 15. Bh4 Rc8 16. Ne5 Nfd7 17. Bxe7 Qxe7 18. Nf3 Qd6 19. e5 Qe7 20. Ne4
Red8 21. Nd6 Rb8 22. Nd2 Nc8 23. N2e4 Ndb6 24. Qa3 a6 25. Qb3 Nxd6 26. exd6
Qf8 27. Qxb6 Rd7 28. Qc5 f5 29. Nd2 Rxd6 30. Nc4 Rd7 31. Qxf8+ Kxf8 32. Rxe6
{Black resigns}
1-0

[Event "ICC tourney 1994 (90 10)"]
[Site "Internet Chess Club"]
[Date "2020.09.05"]
[Round "1"]
[White "andrewf2009"]
[Black "Goran21"]
[Result "0-1"]
[ICCResult "White resigns"]
[WhiteElo "1824"]
[BlackElo "2074"]
[Opening "Sicilian: dragon, Yugoslav attack, 10.O-O-O"]
[ECO "B78"]
[NIC "SI.18"]
[Time "11:04:29"]
[TimeControl "5400+10"]

1. e4 c5 2. Nf3 g6 3. d4 Bg7 4. Nc3 cxd4 5. Nxd4 Nc6 6. Be3 d6 7. Bc4 Nf6 8.
f3 O-O 9. Qd2 Bd7 10. O-O-O Rc8 11. Bb3 Ne5 12. h4 h5 13. Bh6 a6 14. g4 b5
15. Rdg1 e6 16. gxh5 Nxh5 17. Bxg7 Kxg7 18. f4 Nc4 19. Bxc4 Rxc4 20. f5 Qf6
21. Nf3 b4 22. Ne2 Rfc8 23. Ng3 Nxg3 24. Rxg3 Ba4 25. Ne1 exf5 26. exf5
Rxc2+ 27. Nxc2 Rxc2+ 28. Qxc2 Bxc2 29. Kxc2 Qxf5+ 30. Kc1 Qf4+ 31. Kd1 Qxg3
{White resigns}
0-1

[Event "ICC tourney 1994 (90 10)"]
[Site "Internet Chess Club"]
[Date "2020.09.05"]
[Round "1"]
[White "Monkeybomb3605"]
[Black "tedchen"]
[Result "1-0"]
[ICCResult "Black resigns"]
[WhiteElo "2018"]
[BlackElo "2261"]
[Opening "Robatsch defense: two knights variation"]
[ECO "B07"]
[NIC "VO.17"]
[Time "11:04:33"]
[TimeControl "5400+10"]

1. e4 d6 2. d4 g6 3. Nc3 Bg7 4. Nf3 Nc6 5. Be3 e5 6. dxe5 Nxe5 7. Nxe5 Bxe5
8. Qd2 Ne7 9. O-O-O Be6 10. Bd3 c6 11. f4 Bg7 12. f5 gxf5 13. exf5 Bxf5 14.
Bxf5 Nxf5 15. Bg5 Qa5 16. Rhe1+ Kf8 17. g4 Nd4 18. Qf4 Kg8 19. Re7 Rf8 20.
Bf6 Ne6 21. Qf2 d5 22. Bxg7 Nxg7 23. Rf1 f6 24. g5 f5 25. Qd4 Nh5 26. Qe5
{Black resigns}
1-0

[Event "ICC tourney 1994 (90 10)"]
[Site "Internet Chess Club"]
[Date "2020.09.05"]
[Round "1"]
[White "IndianTerritory"]
[Black "saiabhi29"]
[Result "1/2-1/2"]
[ICCResult "Game drawn by mutual agreement"]
[WhiteElo "2037"]
[BlackElo "2074"]
[Opening "Alekhine's defense: four pawns attack, 7.Be3"]
[ECO "B02"]
[NIC "AL.06"]
[Time "11:05:17"]
[TimeControl "5400+10"]

1. e4 Nf6 2. e5 Nd5 3. c4 Nb6 4. d4 d6 5. f4 dxe5 6. fxe5 Nc6 7. Be3 Bf5 8.
Nc3 e6 9. Nf3 Qd7 10. Be2 O-O-O 11. O-O Bg4 12. Na4 Bxf3 13. Rxf3 f6 14.
exf6 gxf6 15. Nxb6+ axb6 16. Qa4 Kb8 17. Rd1 Ne5 18. dxe5 Qxa4 19. Rxd8+ Ka7
20. exf6 Qc2 21. Rd2 Qg6 22. Bd3 Qf7 23. Rdf2 Bd6 24. Be4 Rg8 25. Rh3 h5 26.
Rhf3 Rg4 27. Bd3 Kb8 28. Kh1 Kc8 29. a3 Be5 30. b4 Rg8 31. a4 h4 32. a5 bxa5
33. bxa5 Rd8 34. Bc2 Bc3 35. Rf1 Bd2 36. Bf2 h3 37. gxh3 Qh5 38. Be4 Qe5 39.
Bg6 Qe2 40. Bg3 Bh6 41. f7 Bf8 42. R3f2 Qxc4 43. Re1 Qd5+ 44. Be4 Qxa5 45.
Rff1 Rd2 46. Rc1 c6 47. Be1 Qe5 48. Bxd2 Qxe4+ 49. Kg1
{Game drawn by mutual agreement}
1/2-1/2

[Event "ICC tourney 1994 (90 10)"]
[Site "Internet Chess Club"]
[Date "2020.09.05"]
[Round "1"]
[White "Ben1927829"]
[Black "investigator"]
[Result "0-1"]
[ICCResult "White resigns"]
[WhiteElo "1864"]
[BlackElo "2101"]
[Opening "Pirc defense"]
[ECO "B07"]
[NIC "PU.04"]
[Time "11:04:49"]
[TimeControl "5400+10"]

1. e4 d6 2. d4 Nf6 3. Nc3 g6 4. f3 Bg7 5. Be3 a6 6. Qd2 h5 7. O-O-O b5 8.
Kb1 Nbd7 9. Nce2 Bb7 10. Nc1 c5 11. h4 c4 12. c3 Qc7 13. Nh3 a5 14. Nf2 Nb6
15. Qc2 b4 16. d5 bxc3 17. Qxc3 O-O 18. Bd4 Rfc8 19. g4 Na4 20. Qc2 c3 21.
b3 Nb2 22. Re1 a4 23. Re3 Nxd5 24. Bxg7 Nxe3 25. Qxc3 Qxc3 26. Bxc3 Rxc3 27.
Kxb2 Rc2+ 28. Kb1 Rxf2 {White resigns} 0-1

[Event "ICC tourney 1994 (90 10)"]
[Site "Internet Chess Club"]
[Date "2020.09.05"]
[Round "1"]
[White "TanitoluwaA"]
[Black "joeandjoe56"]
[Result "1-0"]
[ICCResult "Black resigns"]
[WhiteElo "2059"]
[BlackElo "1787"]
[Opening "Queen's pawn: London system"]
[ECO "A45"]
[NIC "QP.07"]
[Time "11:04:52"]
[TimeControl "5400+10"]

1. d4 Nf6 2. Bf4 g6 3. Nc3 d5 4. e3 Bg7 5. h3 O-O 6. Bd3 c5 7. Nf3 Nc6 8.
Bb5 Qa5 9. O-O a6 10. Bxc6 bxc6 11. Ne5 Bb7 12. a3 Rfd8 13. Qe1 Nd7 14. b4
cxb4 15. axb4 Qc7 16. Nxf7 e5 17. Nxd8 Qxd8 18. dxe5 Nxe5 19. Bxe5 Bxe5 20.
Rd1 Qf6 21. Na4 Rf8 22. Nc5 Bc8 23. f4 Bc7 24. Qe2 Re8 25. Nxa6 Bxf4 26. Kh1
Qe5 27. Qf3 Bh6 28. Nc5 Rf8 29. Qe2 Re8 30. c4 d4 31. Qf3 dxe3 32. Qf7+ Kh8
33. Nd7 Qe7 34. Qf6+ Bg7 35. Qxe7 Rxe7 36. Nf6 e2 37. Rd8+ Bf8 38. Rxf8+ Kg7
39. Ne8+ Rxe8 40. R1f7+ {Black resigns} 1-0

[Event "ICC tourney 1994 (90 10)"]
[Site "Internet Chess Club"]
[Date "2020.09.05"]
[Round "1"]
[White "Plato"]
[Black "agpil"]
[Result "0-1"]
[ICCResult "White checkmated"]
[WhiteElo "2054"]
[BlackElo "1864"]
[Opening "Sicilian defense"]
[ECO "B30"]
[NIC "SI.31"]
[Time "11:04:53"]
[TimeControl "5400+10"]

1. e4 c5 2. Nf3 Nc6 3. c3 Nf6 4. e5 Nd5 5. d4 cxd4 6. cxd4 e6 7. Nc3 Nxc3 8.
bxc3 d6 9. Bd3 dxe5 10. dxe5 Be7 11. O-O Qc7 12. Bf4 b6 13. Qe2 Bb7 14. Rfe1
Rc8 15. Nd4 Nxd4 16. cxd4 Qd7 17. Qg4 g5 18. Bd2 h5 19. Qe2 Qxd4 20. Bb5+
Kf8 21. Ba6 Rc2 22. Bxb7 Rxd2 23. Qe3 Qxe3 24. Rxe3 Bc5 25. Rf3 Bd4 26. Re1
Rxa2 27. Kf1 Kg7 28. Re2 Rxe2 29. Kxe2 Bxe5 30. g3 Rb8 31. Ba6 b5 32. Kd3
Rb6 33. Bc8 b4 34. Bd7 Rd6+ 35. Ke4 Rxd7 36. Kxe5 a5 37. Rb3 Rd5+ 38. Ke4
f5+ 39. Ke3 Kf6 40. f4 gxf4+ 41. gxf4 e5 42. fxe5+ Kxe5 43. Rb1 f4+ 44. Kf3
Rd3+ 45. Kf2 Rd2+ 46. Kg1 f3 47. Re1+ Re2 48. Ra1 b3 49. Rxa5+ Kd4 50. Rxh5
b2 51. Rb5 Ke3 52. Rb3+ Kf4 53. Rb4+ Kg5 54. h4+ Kh5 55. Kf1 Rc2 56. Rb5+
Kxh4 57. Rb4+ Kg3 58. Re4 b1=Q+ 59. Re1 Rf2+ 60. Kg1 Qxe1# {White
checkmated} 0-1

[Event "ICC tourney 1994 (90 10)"]
[Site "Internet Chess Club"]
[Date "2020.09.05"]
[Round "1"]
[White "chessisthebest1"]
[Black "BlueJay01"]
[Result "1/2-1/2"]
[ICCResult "Game drawn by mutual agreement"]
[WhiteElo "1893"]
[BlackElo "2064"]
[Opening "Giuoco Piano"]
[ECO "C54"]
[NIC "IG.02"]
[Time "11:04:34"]
[TimeControl "5400+10"]

1. e4 e5 2. Nf3 Nc6 3. Bc4 Bc5 4. c3 Nf6 5. d3 d6 6. O-O O-O 7. Nbd2 a6 8.
a4 h6 9. b4 Ba7 10. Re1 Be6 11. Bxe6 fxe6 12. Nf1 Nh5 13. Be3 Nf4 14. Bxa7
Rxa7 15. g3 Nh3+ 16. Kg2 Qf6 17. Re3 Ng5 18. Qe2 Raa8 19. N1d2 Rf7 20. Rf1
Raf8 21. h4 Nh7 22. Nh2 Qe7 23. Nc4 Re8 24. Re1 Nf6 25. b5 axb5 26. axb5 Nb8
27. d4 exd4 28. cxd4 Nh7 29. Na5 c5 30. bxc6 Nxc6
{Game drawn by mutual agreement}
1/2-1/2

[Event "ICC tourney 1994 (90 10)"]
[Site "Internet Chess Club"]
[Date "2020.09.05"]
[Round "1"]
[White "Gfprasanna"]
[Black "wangfang75"]
[Result "1-0"]
[ICCResult "Black resigns"]
[WhiteElo "2108"]
[BlackElo "1827"]
[Opening "Giuoco Pianissimo: Italian four knights variation"]
[ECO "C50"]
[NIC "IG.02"]
[Time "11:04:43"]
[TimeControl "5400+10"]

1. e4 e5 2. Nf3 Nc6 3. Bc4 Bc5 4. Nc3 Nf6 5. d3 O-O 6. O-O h6 7. h3 d6 8.
Be3 Bxe3 9. fxe3 Na5 10. Bb3 Nxb3 11. axb3 Re8 12. Qe1 Be6 13. Qf2 c6 14.
Rad1 b5 15. Ne2 Qb6 16. Ng3 d5 17. exd5 Nxd5 18. Rde1 f6 19. Nh4 a5 20. Nh5
Bf7 21. Nxg7 Kxg7 22. c4 bxc4 23. bxc4 Nf4 24. Nf5+ Kh7 25. exf4 Qxf2+ 26.
Rxf2 exf4 27. Rxe8 Rxe8 28. Nd6 Re1+ 29. Rf1 Rxf1+ 30. Kxf1 Bg6 31. Ke2 Bh5+
32. Kf2 a4 33. Nb7 Bg6 34. Nc5 Kg8 35. Kf3 Kf7 36. Kxf4 Ke7 37. Ke3 Kd6 38.
Nxa4 h5 39. g3 Bf5 40. h4 Be6 41. Kd4 Bg4 42. Nc5 Bd1 43. b4 Be2 44. Ke4 Bg4
45. Kf4 Bh3 46. Ne4+ Ke6 47. Nf2 Bf5 48. d4 Bc2 49. Ne4 Bd1 50. Nc5+ Ke7 51.
b5 {Black resigns} 1-0

[Event "ICC tourney 1994 (90 10)"]
[Site "Internet Chess Club"]
[Date "2020.09.05"]
[Round "1"]
[White "Sricharan07"]
[Black "IAlwaysWin"]
[Result "0-1"]
[ICCResult "White resigns"]
[WhiteElo "1861"]
[BlackElo "1862"]
[Opening "Caro-Kann: advance variation"]
[ECO "B12"]
[NIC "CK.04"]
[Time "11:04:48"]
[TimeControl "5400+10"]

1. e4 c6 2. d4 d5 3. e5 Bf5 4. Nf3 e6 5. Be2 h6 6. Nbd2 Ne7 7. Nb3 Nd7 8.
Be3 Bh7 9. a4 Nf5 10. Qd2 Nxe3 11. fxe3 a5 12. O-O Qb6 13. Ra2 Bb4 14. c3
Be7 15. Nc1 O-O 16. Bd3 Be4 17. Qc2 Bxd3 18. Qxd3 f6 19. Qg6 c5 20. Nd3 fxe5
21. Ndxe5 Nxe5 22. dxe5 Rf7 23. Qc2 Raf8 24. Raa1 Bd8 25. Rab1 Bc7 26. Qg6
Qa6 27. b3 Bxe5 28. c4 Bf6 29. Qh5 Qc6 30. Rfd1 Rd8 31. Rf1 Rfd7 32. Qg6 d4
33. e4 e5 34. Ne1 d3 35. Rd1 Rd4 36. Rf5 Rxe4 37. Nf3 Re2 38. h3 e4 39. Nh2
Bd4+ {White resigns} 0-1

[Event "ICC tourney 1994 (90 10)"]
[Site "Internet Chess Club"]
[Date "2020.09.05"]
[Round "1"]
[White "Heliosis"]
[Black "xyzchessdude"]
[Result "0-1"]
[ICCResult "White resigns"]
[WhiteElo "1787"]
[BlackElo "2056"]
[Opening "Sicilian: Nimzovich-Rossolimo attack (with ...g6, without ...d6)"]
[ECO "B31"]
[NIC "SI.31"]
[Time "11:04:34"]
[TimeControl "5400+10"]

1. e4 c5 2. Nf3 Nc6 3. Bb5 g6 4. Bxc6 dxc6 5. d3 Bg7 6. O-O Nf6 7. e5 Nd5 8.
Nbd2 O-O 9. Ne4 b6 10. h3 Bf5 11. Ng3 Qd7 12. Bd2 h6 13. Qe2 Be6 14. Rae1
Nb4 15. Bxb4 cxb4 16. d4 Bd5 17. Ne4 Qe6 18. b3 a5 19. c4 bxc3 20. Nxc3 Rac8
21. Nd2 c5 22. Nxd5 Qxd5 23. dxc5 Qxc5 24. Nc4 a4 25. e6 f5 26. Ne5 Bxe5 27.
Qxe5 Qxe5 28. Rxe5 axb3 29. axb3 Rfd8 30. Ra1 Kg7 31. Ra7 Kf6 32. f4 Rd6 33.
Rb7 Rcc6 34. Re2 Rxe6 35. Ra2 Rc1+ 36. Kh2 Rb1 37. Ra3 g5 38. fxg5+ hxg5 39.
Rb8 f4 40. Rf8+ Kg7 41. Raa8 Ree1 42. Rg8+ Kf7 43. Raf8+ Ke6 44. Rg6+ Kd7
{White resigns}
0-1

[Event "ICC tourney 1994 (90 10)"]
[Site "Internet Chess Club"]
[Date "2020.09.05"]
[Round "1"]
[White "kingcaleb"]
[Black "BirchRun"]
[Result "1-0"]
[ICCResult "Black resigns"]
[WhiteElo "1404"]
[BlackElo "1866"]
[Opening "Caro-Kann: advance variation"]
[ECO "B12"]
[NIC "CK.02"]
[Time "11:04:44"]
[TimeControl "5400+10"]

1. e4 c6 2. d4 d5 3. e5 c5 4. dxc5 Nc6 5. Nf3 Bg4 6. Bb5 e6 7. b4 Ne7 8. h3
Bxf3 9. Qxf3 a6 10. Ba4 Ng6 11. Bb2 Be7 12. O-O O-O 13. Qe3 Nxb4 14. a3 Nc6
15. Bxc6 bxc6 16. Nd2 Bg5 17. f4 Bxf4 18. Rxf4 Nxf4 19. Qxf4 Qe7 20. Nb3
Rfb8 21. Qa4 Rb5 22. Bd4 Qc7 23. Re1 Qd8 24. Bf2 Qc7 25. Nd4 Qa5 26. Qxa5
Rxa5 27. Nxc6 Rxa3 28. Rb1 Rc3 29. Na5 Kf8 30. c6 Ke8 31. Rb2 f6 32. exf6
gxf6 33. Rb7 Kf8 34. Rxh7 Kg8 35. Rd7 Rc8 36. Bd4 Rxc2 37. Bxf6 R8xc6 38.
Nxc6 Rxc6 39. Be5 a5 40. Ra7 Rc5 41. Rg7+ Kf8 42. Bd6+ Kxg7 43. Bxc5 Kf6 44.
Kf2 a4 45. Ke3 e5 46. Ba3 Kf5 47. Bb2 Ke6 48. g4 Kf6 49. h4 Ke6 50. h5 Kf6
51. h6 Kg6 52. g5 e4 53. Kd4 Kh7 54. Kxd5 e3 55. Kc4 e2 56. Bc3 a3 57. Kb3
{Black resigns}
1-0

[Event "ICC tourney 1994 (90 10)"]
[Site "Internet Chess Club"]
[Date "2020.09.05"]
[Round "1"]
[White "GutsyEdge"]
[Black "knvsback"]
[Result "1-0"]
[ICCResult "Black resigns"]
[WhiteElo "2079"]
[BlackElo "1817"]
[Opening "QGA, 4.e3"]
[ECO "D25"]
[NIC "QG.08"]
[Time "11:04:36"]
[TimeControl "5400+10"]

1. d4 d5 2. c4 dxc4 3. Nf3 Nf6 4. e3 a6 5. Bxc4 b5 6. Bd3 Bg4 7. h3 Bh5 8.
O-O e6 9. Be2 Bd6 10. a4 b4 11. Nbd2 O-O 12. Nc4 a5 13. Nfe5 Bxe2 14. Qxe2
Bxe5 15. Nxe5 Nfd7 16. Nxd7 Qxd7 17. Rd1 Rd8 18. b3 Nc6 19. Bb2 Ne7 20. e4
f6 21. Rac1 Ra7 22. Qc4 Kh8 23. Qe2 c6 24. h4 Raa8 25. h5 h6 26. Qe3 Qe8 27.
Qh3 Qf7 28. Rd3 Ra6 29. Rf3 Ra7 30. Qh4 Kh7 31. Re1 c5 32. dxc5 e5 33. Bxe5
Ng8 34. Ba1 Qe7 35. e5 Rc7 36. Qe4+ Kh8 37. c6 Qe6 38. Rfe3 Qxc6 39. Qh4 Rf8
40. exf6 Nxf6 41. Re6 Qc2 42. Bxf6 gxf6 43. Rxf6 Rxf6 44. Qxf6+ Kh7 45. Kh2
Rc8 46. Re7+ {Black resigns} 1-0

[Event "ICC tourney 1994 (90 10)"]
[Site "Internet Chess Club"]
[Date "2020.09.05"]
[Round "1"]
[White "hushboy"]
[Black "SkyAngel"]
[Result "0-1"]
[ICCResult "White resigns"]
[WhiteElo "1618"]
[BlackElo "1589"]
[Opening "QGA, Bogolyubov variation"]
[ECO "D20"]
[NIC "QG.03"]
[Time "11:04:34"]
[TimeControl "5400+10"]

1. d4 d5 2. c4 dxc4 3. Nc3 a6 4. Nf3 Nf6 5. e4 b5 6. e5 Nd5 7. a4 Nxc3 8.
bxc3 Bb7 9. e6 fxe6 10. Ng5 Qd5 11. axb5 axb5 12. Rxa8 Bxa8 13. Qe2 e5 14.
Qxe5 Qxe5+ 15. dxe5 Bd5 16. f4 e6 17. Be2 Bc5 18. Bf3 Bxf3 19. gxf3 Ke7 20.
Ne4 Bb6 21. Ba3+ Kd7 22. Ke2 Kc6 23. Ng5 Re8 24. Nxh7 Nd7 25. Ng5 Ra8 26.
Ra1 Nc5 27. Bb2 Rxa1 28. Bxa1 Kd5 29. f5 Kxe5 30. fxe6 Nxe6 31. Nxe6 Kxe6
32. f4 Kf5 33. Kf3 c5 34. Bb2 Ba5 35. h3 g6 36. Ke3 Bc7 {White resigns} 0-1

[Event "ICC tourney 1994 (90 10)"]
[Site "Internet Chess Club"]
[Date "2020.09.05"]
[Round "1"]
[White "blueeagle405"]
[Black "espark"]
[Result "0-1"]
[ICCResult "White resigns"]
[WhiteElo "1974"]
[BlackElo "2339"]
[Opening "Nimzo-Indian: 4.e3, main line with ...b6"]
[ECO "E52"]
[NIC "NI.06"]
[Time "11:04:42"]
[TimeControl "5400+10"]

1. d4 Nf6 2. c4 e6 3. Nc3 Bb4 4. e3 O-O 5. Bd3 d5 6. Nf3 b6 7. O-O Bb7 8. a3
Bd6 9. b3 Nbd7 10. Bb2 a6 11. Qe2 Qe7 12. e4 dxc4 13. Bxc4 e5 14. d5 b5 15.
Bd3 c6 16. dxc6 Bxc6 17. Nh4 g6 18. Bc1 Nc5 19. Bc2 Ne6 20. Bh6 Rfd8 21. b4
Rac8 22. Rac1 Bb7 23. Bb1 Nd4 24. Qd1 a5 25. Bg5 axb4 26. axb4 Bxb4 27. Nd5
Bxd5 28. Rxc8 Rxc8 29. exd5 Qd6 30. f4 Nxd5 31. Qg4 Qc5 32. fxe5 Nf5+ 33.
Kh1 Nfe3 34. Qf3 Nxf1 35. Qxf1 Ne3 36. Qg1 Ng4 37. h3 Qxg1+ 38. Kxg1 Nxe5
39. Kf2 Kg7 40. g4 Rc4 41. Ng2 Bc5+ 42. Kf1 f6 43. Bd2 Bb4 44. Be3 Bf8 45.
Ke2 b4 46. Nf4 b3 47. Ne6+ Kf7 48. Nxf8 Kxf8 49. Kd2 b2 50. Bc2 Nf3+ 51. Kd3
Ne1+ 52. Kxc4 Nxc2 53. Bc5+ Kf7 54. Kc3 b1=Q {White resigns} 0-1